 Dungeon Crawl Stone Soup version 0.24.1 (webtiles) character file.

Game seed: 11706463055178882259, levelgen mode: deterministic

191382 Telkir the Severer (level 17, -4/166 HPs)
             Began as a Minotaur Fighter on Mar 31, 2020.
             Was the Champion of the Shining One.
             Slain by a very large slime creature (56 damage)
             ... on level 2 of the Pits of Slime on Apr 2, 2020.
             The game lasted 05:03:46 (33244 turns).

Telkir the Severer (Minotaur Fighter)              Turns: 33244, Time: 05:03:46

Health: -4/166     AC:  9    Str: 23    XL:     17   Next: 57%
Magic:  19/19      EV: 12    Int: 12    God:    the Shining One [******]
Gold:   1911       SH: 16    Dex:  4    Spells: 16/16 levels left

rFire    + + +     SeeInvis .   U - +5 war axe (chop)
rCold    . . .     Gourm    .   S - +2 shield {rPois}
rNeg     + + +     Faith    .   n - +2 acid dragon scales
rPois    +         Spirit   .   F - +2 hat
rElec    .         Reflect  .   l - +0 cloak
rCorr    +         Harm     .   O - +0 pair of gloves of the Wilderness {rF+++ rC- MR- Slay+6}
MR       +....                  Z - +0 pair of boots
Stlth    ..........             Q - amulet of regeneration
HPRegen  0.77/turn              q - ring of protection from magic
MPRegen  0.16/turn              g - ring of Birch {rC+ AC+1 Int+3 Dex-3}

@: corroded, glowing
A: retaliatory headbutt, hooves 1, horns 2, clumsy 2, deformed body, subdued
magic 1
}: 1/15 runes: gossamer
a: Divine Shield, Cleansing Flame, Summon Divine Warrior, Brand Weapon With Holy
Wrath, Renounce Religion


You were on level 2 of the Pits of Slime.
You worshipped the Shining One.
The Shining One was exalted by your worship.
You were not hungry.

You visited 5 branches of the dungeon, and saw 29 of its levels.
You also visited: Sewer, Bailey and Volcano.

You collected 2630 gold pieces.
You spent 719 gold pieces at shops.

Inventory:

Hand Weapons
 a - a +4 broad axe of flaming
 B - the +6 hand axe of the Endless Expanse {speed, rElec rC+++ Int-4}
   (You found it on level 5 of the Dungeon)

   Attacks with this weapon are significantly faster.
   It affects your intelligence (-4).
   It renders you almost immune to cold.
   It insulates you from electricity.
 U - a +5 war axe of chopping (weapon)
Missiles
 k - 4 boomerangs of dispersal (quivered)
Armour
 d - a +3 chain mail
 l - a +0 cloak (worn)
 n - +2 acid dragon scales (worn)
 F - a +2 hat (worn)
 O - the +0 pair of gloves of the Wilderness (worn) {rF+++ rC- MR- Slay+6}
   (You found it on level 11 of the Dungeon)

   It affects your accuracy and damage with ranged weapons and melee attacks
   (+6).
   It renders you almost immune to fire.
   It makes you vulnerable to cold.
   It affects your resistance to hostile enchantments.
 S - a +2 shield of poison resistance (worn)
 Z - a +0 pair of boots (worn)
Jewellery
 g - the ring of Birch (right hand) {rC+ AC+1 Int+3 Dex-3}
   (You found it on level 1 of the Lair of Beasts)

   [ring of protection]

   It affects your AC (+1).
   It affects your intelligence (+3).
   It affects your dexterity (-3).
   It protects you from cold.
 q - a ring of protection from magic (left hand)
 Q - an amulet of regeneration (around neck)
Wands
 b - a wand of acid (4)
 y - a wand of disintegration (15)
 C - a wand of flame (91)
 H - a wand of paralysis (23)
 I - a wand of enslavement (20)
 M - a wand of polymorph (25)
 V - a wand of digging (6)
 W - a wand of scattershot (6)
 X - a wand of iceblast (31)
Scrolls
 e - 4 scrolls of identify
 m - 5 scrolls of enchant armour
 o - 2 scrolls of torment {unknown}
 p - 4 scrolls of magic mapping
 r - 5 scrolls of teleportation
 s - a scroll of vulnerability {unknown}
 v - 9 scrolls of remove curse
 D - 3 scrolls of fog
 G - a scroll of silence {unknown}
 J - 3 scrolls of fear
 R - 5 scrolls of enchant weapon
Potions
 h - 3 potions of berserk rage
 i - 7 potions of agility
 j - 3 potions of haste
 t - 6 potions of curing
 u - 2 potions of heal wounds
 w - 5 potions of flight
 x - 8 potions of brilliance
 A - 3 potions of resistance
 E - 2 potions of cancellation
 K - 4 potions of lignification
 N - a potion of mutation {unknown}
Miscellaneous
 L - 2 sacks of spiders
 P - a phantom mirror
Comestibles
 f - 35 rations


   Skills:
 + Level 18.4 Fighting
 + Level 20.3(20.5) Axes
   Level 5.3(14.6) Maces & Flails
 + Level 0.2 Throwing
 + Level 15.3 Armour
 + Level 6.9 Dodging
 - Level 0.2 Stealth
 + Level 16.9 Shields
 + Level 4.0 Invocations
 + Level 1.5 Evocations


You had 16 spell levels left.
You didn't know any spells.
Your spell library contained the following spells:

 Spells                   Type           Power        Failure   Level  Hunger
 Animate Skeleton         Necr           N/A          32%         1    ##.....
 Beastly Appendage        Tmut           #.....       32%         1    ##.....
 Flame Tongue             Conj/Fire      #....        32%         1    ##.....
 Freeze                   Ice            #...         32%         1    ##.....
 Magic Dart               Conj           #...         32%         1    ##.....
 Pain                     Necr           #...         32%         1    ##.....
 Blink                    Tloc           N/A          45%         2    ###....
 Call Imp                 Summ           #.......     45%         2    ###....
 Shroud of Golubria       Chrm/Tloc      #.....       45%         2    ###....
 Slow                     Hex            #.......     45%         2    ###....
 Sticks to Snakes         Tmut           #.......     45%         2    ###....
 Throw Flame              Conj/Fire      #.....       45%         2    ###....
 Throw Frost              Conj/Ice       #.....       45%         2    ###....
 Conjure Flame            Conj/Fire      #.......     71%         3    ####...
 Gell's Gravitas          Tloc           #.........   71%         3    ####...
 Ignite Poison            Fire/Tmut/Pois #.......     71%         3    ####...
 Inner Flame              Hex/Fire       #.......     71%         3    ####...
 Lesser Beckoning         Tloc           #.........   71%         3    ####...
 Mephitic Cloud           Conj/Pois/Air  #.......     71%         3    ####...
 Ozocubu's Armour         Chrm/Ice       #.......     71%         3    ####...
 Regeneration             Chrm/Necr      #.........   71%         3    ####...
 Spider Form              Tmut/Pois      #.........   71%         3    ####...
 Teleport Other           Tloc           #.......     71%         3    ####...
 Vampiric Draining        Necr           #.........   71%         3    ####...
 Animate Dead             Necr           N/A          98%         4    #####..
 Ice Form                 Ice/Tmut       #.......     98%         4    #####..
 Passage of Golubria      Tloc           N/A          98%         4    #####..
 Sticky Flame             Conj/Fire      #.......     98%         4    #####..
 Summon Ice Beast         Ice/Summ       #.......     98%         4    #####..
 Throw Icicle             Conj/Ice       #.......     98%         4    #####..
 Blade Hands              Tmut           #.........   100%        5    ######.
 Fireball                 Conj/Fire      #.........   100%        5    ######.
 Irradiate                Conj/Tmut      #.........   100%        5    ######.
 Bolt of Fire             Conj/Fire      #.........   100%        6    #######
 Hydra Form               Tmut           #.........   100%        6    #######
 Statue Form              Tmut/Erth      #........    100%        6    #######
 Dragon Form              Tmut           #.........   100%        7    #######
 Ring of Flames           Chrm/Fire      #.........   100%        7    #######
 Ignition                 Fire           #.........   100%        8    #######


Dungeon Overview and Level Annotations

Branches:
Dungeon (15/15)            Temple (0/1) D:6            Lair (6/6) D:8
 Spider (4/4) Lair:4        Slime (2/5) Lair:5          Orc (2/2) D:10
    Elf (0/3) Orc:2        Vaults (0/5) D:13         Depths (0/5) D:15
  Sewer (visited)          Bailey (visited)         Volcano (visited)
  Swamp: Lair:2-4    Shoals: Lair:2-4

Altars:
Cheibriados
Dithmenos
Fedhas
Kikubaaqudgha
Okawaru
Qazlal
Ru
Uskayaw
Vehumet
Wu Jian
Xom
Zin
The Shining One
Beogh
Jiyva

Shops:
D:4 !   Orc:2 [*=(

Portals:
Trove: D:15 (give +6 fire dragon scales)

Annotations:
D:12 3 runed translucent doors, LifeIsToil's ghost, journeyman MiGl
D:15 Roxanne


Innate Abilities, Weirdness & Mutations

You reflexively headbutt those who attack you in melee.
You have a pair of horns on your head.
You have large cloven feet.
You are very clumsy. (Dex -4)
Armour fits poorly on your strangely shaped body.
Your spells are a little easier to cast, but a little less powerful.


Message History

The very large slime creature hits you!!
You slash the slime creature!
You kill the slime creature!
You slash the very large slime creature!
You slash the very large slime creature!
The very large slime creature is severely wounded.
You block the very large slime creature's attack.
You hit the very large slime creature.
Your headbutt misses the very large slime creature.
The very large slime creature is severely wounded.
The very large slime creature closely misses you.
Unknown command.
You slash the very large slime creature!
The very large slime creature is severely wounded.
Unknown command.
You slice the very large slime creature!!
The very large slime creature is almost dead.
You hit the eye of draining.
The very large slime creature hits you!!!
You die...

##.....................
##.#.......#....#....#
##.####.....##.#.##....
.....#.....####.. ###.#
.##....#...##.#... ..
###..#...#...#. .#
#.........#
##.....#..##
##..@.......#
#...GJ...#.##
##...#......#
#.........##
#.....#..## #
###.........### .#
##.#........J..#.#...
#....................
##.#.................


You could see a very large slime creature and an eye of draining.

Vanquished Creatures
  Arachne (Spider:2)
  5 acid blobs
  Agnes (Spider:3)
  Frances (D:13)
  Kirke (D:15)
  4 azure jellies
  An orc warlord (Orc:2)
  3 ghost moths (Spider:4)
  Aizul (Spider:1)
  7 emperor scorpions
  3 entropy weavers
  2 spark wasps (Spider:4)
  6 dire elephants (Lair:6)
  A red draconian (Volcano)
  2 great orbs of eyes (Slime:2)
  Fannar (Lair:1)
  5 hydras
  Erolcha (D:13)
  A catoblepas (D:14)
  An anaconda (Lair:6)
  A rakshasa (D:15)
  3 two-headed ogres (D:15)
  3 centaur warriors
  A death knight (D:15)
  2 dancing weapons (D:13)
  An orc high priest (Orc:2)
  A titan skeleton (D:15)
  Nergalle (Lair:3)
  7 skeletal warriors (D:15)
  2 unseen horrors
  A flayed ghost (D:15)
  2 necromancers (D:15)
  9 orc knights
  2 wolf spider zombies
  3 orc sorcerers
  20 orb spiders
  36 wolf spiders
  An ugly thing (D:10)
  3 shining eyes (Slime:2)
  2 stone giant zombies (D:15)
  5 cyclopes
  10 elephants (Lair:6)
  A manticore (D:15)
  A centaur zombie (D:15)
  4 black mambas
  2 moths of wrath (Spider:4)
  An eye of devastation (Slime:2)
  2 torpor snails (Spider:4)
  A gargoyle (D:12)
  2 molten gargoyles (Volcano)
  6 spiny frogs
  A yaktaur (Volcano)
  2 kobold demonologists
  A rime drake (Lair:6)
  An efreet (D:15)
  6 demonic crawlers
  4 komodo dragons
  A yaktaur skeleton (D:15)
  42 jumping spiders
  13 trolls
  11 hornets
  A polar bear (Lair:6)
  7 dream sheep (Lair:6)
  29 slime creatures
  7 hippogriffs
  A hippogriff (shapeshifter) (D:15)
  A shadow (D:12)
  Sigmund (D:3)
  19 tarantellas
  2 wraiths
  82 redbacks
  45 yaks
  A vampire (D:13)
  A human (D:9)
  A wyvern (D:14)
  2 fire bats (Volcano)
  3 hungry ghosts
  17 golden eyes
  5 hogs
  A basilisk (D:11)
  8 vampire mosquitoes (D:15)
  A soldier ant (D:11)
  2 acid dragons
  6 wargs
  7 water moccasins
  6 porcupines
  3 eyes of draining
  38 orc warriors
  An ice beast (shapeshifter) (D:15)
  3 ice beasts
  A necrophage (D:11)
  14 boggarts
  4 sky beasts
  3 phantoms
  7 centaurs
  6 ogres
  12 wolves (Lair:3)
  9 crocodiles
  8 big kobolds
  15 bullfrogs
  4 gnoll sergeants (D:10)
  A water moccasin skeleton (D:6)
  2 scorpions
  18 wights
  12 killer bees
  2 electric eels (Bailey)
  2 howler monkeys
  2 bullfrog zombies
  12 crimson imps
  5 lava snakes (Volcano)
  A quasit (D:14)
  4 hounds
  8 jellies
  4 centaur skeletons
  8 orc priests
  5 bullfrog skeletons
  21 orc wizards
  Crazy Yiuf (D:6)
  7 iguanas
  5 worker ants
  4 yak simulacra (D:15)
  3 polar bear simulacra (D:15)
  3 wolf simulacra (D:15)
  2 hound zombies
  3 hound skeletons
  A worker ant zombie (D:8)
  A howler monkey zombie (D:7)
  6 gnolls
  2 howler monkey skeletons
  18 adders
  5 river rats (D:4)
  3 shadow imps
  12 oozes
  2 adder zombies
  3 adder skeletons
  4 worms
  A dart slug (D:1)
  8 leopard geckos
  62 orcs
  15 bats
  10 giant cockroaches
  10 goblins
  19 hobgoblins
  8 jackals
  24 kobolds
  5 quokkas
  6 ball pythons
  A ball python skeleton (D:4)
  7 frilled lizards
  2 leopard gecko skeletons
  A leopard gecko zombie (D:8)
  16 rats
  A river rat simulacrum (D:15)
  3 fungi
  7 plants
  A withered plant (D:15)
1049 creatures vanquished.

Vanquished Creatures (others)
  A human (D:15)
  6 fungi
  3 plants (Lair:6)
  10 toadstools (D:2)
  A withered plant (D:15)
21 creatures vanquished.

Grand Total: 1070 creatures vanquished

Notes
Turn   | Place    | Note
-------+----------+-------------------------------------------
     0 | D:1      | Telkir the Minotaur Fighter began the quest for the Orb.
     0 | D:1      | Reached XP level 1. HP: 19/19 MP: 0/0
   118 | D:1      | Reached XP level 2. HP: 27/27 MP: 1/1
   298 | D:1      | Reached XP level 3. HP: 33/33 MP: 2/2
   784 | D:2      | Found an ornate altar of the Wu Jian Council.
   816 | D:2      | Found a sacrificial altar of Ru.
   943 | D:2      | Reached XP level 4. HP: 40/40 MP: 3/3
   971 | D:2      | Reached XP level 5. HP: 11/46 MP: 4/4
  1143 | D:2      | Reached skill level 5 in Armour
  1314 | D:2      | Found a glowing golden altar of the Shining One.
  1322 | D:2      | Became a worshipper of the Shining One
  1556 | D:2      | Found a stormy altar of Qazlal.
  1773 | D:3      | Noticed Sigmund
  1799 | D:3      | Killed Sigmund
  1799 | D:3      | Reached skill level 5 in Maces & Flails
  1799 | D:3      | Reached XP level 6. HP: 30/53 MP: 5/5
  2008 | D:3      | Reached skill level 1 in Axes
  2008 | D:3      | Reached skill level 1 in Dodging
  2071 | D:3      | Reached skill level 5 in Fighting
  2092 | D:3      | Reached skill level 2 in Axes
  2092 | D:3      | Reached skill level 5 in Shields
  2092 | D:3      | Reached XP level 7. HP: 48/61 MP: 6/6
  2925 | D:4      | Reached skill level 3 in Axes
  3040 | D:4      | Reached * piety under the Shining One
  3126 | D:4      | Found Okkom's Distillery.
  3155 | D:4      | Reached skill level 4 in Axes
  3218 | D:4      | Found a glowing drain.
  3226 | Sewer    | Entered a sewer
  3492 | Sewer    | Reached skill level 5 in Axes
  3492 | Sewer    | Reached XP level 8. HP: 63/70 MP: 7/7
  3611 | Sewer    | Reached skill level 6 in Axes
  3696 | D:4      | Bought a potion of haste for 130 gold pieces
  4140 | D:5      | Entered Level 5 of the Dungeon
  4261 | D:5      | Got a pitted hand axe
  4262 | D:5      | Identified the +6 hand axe of the Endless Expanse {speed,
                  | rElec rC+++ Int-4} (You found it on level 5 of the Dungeon)
  4271 | D:5      | Reached ** piety under the Shining One
  4303 | D:5      | Found a snail-covered altar of Cheibriados.
  4402 | D:5      | Found a shadowy altar of Dithmenos.
  4413 | D:5      | Reached skill level 7 in Axes
  4575 | D:5      | Found a shimmering altar of Xom.
  4731 | D:5      | Found an iron altar of Okawaru.
  5120 | D:6      | Found a radiant altar of Vehumet.
  5464 | D:6      | Found a runed translucent door.
  5465 | D:6      | Noticed Crazy Yiuf
  5470 | D:6      | Killed Crazy Yiuf
  5714 | D:6      | Found a staircase to the Ecumenical Temple.
  5904 | D:6      | Found a faded altar of an unknown god.
  5904 | D:6      | Found a hide-covered altar of Uskayaw.
  5909 | D:6      | Found a glowing silver altar of Zin.
  5914 | D:6      | Found a blossoming altar of Fedhas.
  5916 | D:6      | Found a faded altar of an unknown god.
  6035 | D:7      | Reached XP level 9. HP: 71/78 MP: 8/8
  6279 | D:7      | Reached skill level 8 in Axes
  6287 | D:7      | Got a warped amber ring
  6304 | D:7      | Identified the ring of Suodwot {+Fly rElec rC+ Int-4 Dex+2}
                  | (You found it on level 7 of the Dungeon)
  6541 | D:7      | Reached *** piety under the Shining One
  6546 | D:7      | Got a transparent cloak
  6547 | D:7      | Identified the +1 cloak "Luvo" {rPois rCorr Dex-5} (You
                  | found it on level 7 of the Dungeon)
  6565 | D:7      | Reached skill level 9 in Axes
  7087 | D:8      | Identified the cursed +2 short sword "Veajoph" {pierce,
                  | Str+3 Int+2}
  7237 | D:8      | Reached skill level 10 in Axes
  7307 | D:8      | Found an ancient bone altar of Kikubaaqudgha.
  7587 | D:8      | Found a staircase to the Lair.
  7689 | D:9      | Reached XP level 10. HP: 44/88 MP: 9/9
  7734 | D:9      | Reached skill level 11 in Axes
  7765 | D:9      | Found a glowing silver altar of Zin.
  8087 | D:9      | Reached **** piety under the Shining One
  8426 | D:9      | Reached skill level 12 in Axes
  8737 | D:10     | Entered Level 10 of the Dungeon
  8758 | D:10     | Found a staircase to the Orcish Mines.
  8852 | D:10     | Reached XP level 11. HP: 56/97 MP: 10/10
  8970 | D:10     | Noticed a green ugly thing
  8990 | D:10     | Killed a green ugly thing
  9024 | D:10     | Noticed an unseen horror
  9034 | D:10     | Killed an unseen horror
  9228 | D:10     | Reached skill level 13 in Axes
  9275 | Orc:1    | Entered Level 1 of the Orcish Mines
  9336 | Orc:1    | Noticed an orc sorcerer
  9345 | Orc:1    | Killed an orc sorcerer
  9345 | Orc:1    | Reached skill level 10 in Fighting
  9555 | Orc:2    | Entered Level 2 of the Orcish Mines
  9555 | Orc:2    | Noticed an orc knight
  9724 | Orc:1    | Killed an orc knight
  9724 | Orc:1    | Reached skill level 1 in Invocations
 10178 | Orc:2    | Reached skill level 10 in Shields
 10380 | Orc:2    | Noticed an orc knight
 10423 | Orc:2    | Killed an orc knight
 10480 | Orc:2    | Reached skill level 10 in Armour
 10810 | Orc:2    | Noticed an orc knight
 10810 | Orc:2    | Noticed an orc warlord
 10811 | Orc:2    | Noticed an orc knight
 10860 | Orc:1    | Killed an orc knight
 11315 | Orc:2    | Killed an orc warlord
 11315 | Orc:2    | Reached skill level 14 in Axes
 11315 | Orc:2    | Reached XP level 12. HP: 55/108 MP: 10/12
 12052 | Orc:2    | Found Ozuyc's Antique Armour Shoppe.
 12066 | Orc:2    | Bought a pair of runed boots for 247 gold pieces
 12117 | Orc:2    | Found Temney's General Store.
 12219 | Orc:2    | Noticed an orc high priest
 12564 | Orc:2    | Killed an orc high priest
 12689 | Orc:2    | Found a roughly hewn altar of Beogh.
 12726 | Orc:2    | Found Ajeck's Jewellery Shop.
 12754 | Orc:2    | Found Ulogaw's Antique Weapon Emporium.
 12764 | Orc:2    | Bought a faintly glowing scimitar for 342 gold pieces
 12764 | Orc:2    | Identified the +2 scimitar of the Shining Light {speed,
                  | *Corrode rElec SInv Stlth+} (You bought it in a shop on
                  | level 2 of the Orcish Mines)
 12768 | Orc:2    | Found a staircase to the Elven Halls.
 13274 | D:11     | Got a pair of scorched gloves
 13275 | D:11     | Identified the +0 pair of gloves of the Wilderness {rF+++
                  | rC- MR- Slay+6} (You found it on level 11 of the Dungeon)
 13616 | D:12     | Noticed a frost giant
 13616 | D:12     | Noticed LifeIsToil's ghost (journeyman MiGl)
 13637 | D:12     | Found a runed translucent gate.
 13769 | D:12     | Reached ***** piety under the Shining One
 13790 | D:12     | Reached skill level 15 in Axes
 13818 | D:12     | Found a runed translucent gate.
 13818 | D:12     | Found a runed translucent gate.
 13896 | D:12     | Found a flagged portal.
 13906 | Bailey   | Entered a bailey
 13982 | Bailey   | Found an iron altar of Okawaru.
 14268 | Bailey   | Reached XP level 13. HP: 110/119 MP: 13/13
 14908 | D:13     | Found a gate to the Vaults.
 15004 | D:13     | Noticed Frances
 15037 | D:13     | Killed Frances
 15280 | D:13     | Noticed Erolcha
 15287 | D:13     | Killed Erolcha
 15338 | D:13     | You fall into a shaft and drop 1 floor!
 16032 | D:14     | Got a steaming battleaxe
 16342 | D:15     | Entered Level 15 of the Dungeon
 16939 | D:15     | Noticed Kirke
 16944 | D:15     | Reached skill level 16 in Axes
 17019 | D:15     | Killed Kirke
 17030 | D:15     | Paralysed by an ogre mage for 2 turns
 17466 | D:15     | Reached ****** piety under the Shining One
 17528 | D:15     | Reached XP level 14. HP: 132/132 MP: 14/14
 17575 | D:15     | Found a portal to a secret trove of treasure.
 17907 | D:15     | Found a staircase to the Depths.
 18508 | D:15     | Reached skill level 1 in Evocations
 18538 | D:15     | Noticed Roxanne
 18808 | D:15     | Reached skill level 17 in Axes
 19183 | Lair:1   | Entered Level 1 of the Lair of Beasts
 19320 | Lair:1   | Noticed Fannar
 19334 | Lair:1   | Killed Fannar
 19764 | Lair:1   | Got a translucent platinum ring
 19950 | Lair:1   | Identified the +10 rapier "Jesa" {drain, rElec rPois} (You
                  | found it on level 1 of the Lair of Beasts)
 20176 | Lair:1   | Identified the ring of Birch {rC+ AC+1 Int+3 Dex-3} (You
                  | found it on level 1 of the Lair of Beasts)
 20389 | Lair:3   | Noticed Nergalle
 20404 | Lair:3   | Killed Nergalle
 20613 | Lair:3   | You fall into a shaft and drop 1 floor!
 20695 | Lair:4   | Reached skill level 15 in Fighting
 20907 | Lair:4   | Found a hole to the Spider Nest.
 20982 | Lair:4   | Found a dark tunnel.
 20991 | Volcano  | Entered a volcano
 21521 | Volcano  | Found a bloodstained altar of Trog.
 23058 | Lair:5   | Found a viscous altar of Jiyva.
 23058 | Lair:5   | Found a staircase to the Slime Pits.
 23244 | Lair:6   | Entered Level 6 of the Lair of Beasts
 23355 | Lair:6   | Reached XP level 15. HP: 85/141 MP: 15/15
 24146 | Lair:6   | Identified the cursed -4 pair of gloves of Past Mistakes
                  | {Stlth+} (You found it on level 6 of the Lair of Beasts)
 24794 | Lair:6   | Reached skill level 18 in Axes
 24951 | Lair:6   | Reached skill level 5 in Dodging
 25643 | Spider:1 | Entered Level 1 of the Spider Nest
 25782 | Spider:1 | Noticed Aizul
 25796 | Spider:1 | Killed Aizul
 27027 | Spider:1 | Reached skill level 15 in Shields
 27088 | Spider:1 | HP: 7/145 [poisoned by an emperor scorpion]
 28007 | Spider:2 | Reached XP level 16. HP: 152/152 MP: 17/17
 28544 | Spider:2 | Reached skill level 19 in Axes
 29109 | Spider:3 | Noticed Arachne
 29130 | Spider:2 | Killed Arachne
 29344 | Spider:3 | Noticed Agnes
 29352 | Spider:3 | Killed Agnes
 29451 | Spider:3 | Identified the cursed +0 war axe "Kiuffuw" {pain, Str+3}
                  | (You found it on level 3 of the Spider Nest)
 29883 | Spider:4 | Entered Level 4 of the Spider Nest
 30595 | Spider:4 | Reached skill level 15 in Armour
 31137 | Spider:4 | Reached XP level 17. HP: 133/163 MP: 18/18
 31521 | Spider:4 | Got a gossamer rune of Zot
 31814 | Slime:1  | Entered Level 1 of the Pits of Slime
 31941 | Slime:1  | Noticed an acid blob
 31953 | Slime:1  | Killed an acid blob
 32323 | Slime:2  | Noticed an acid blob
 32334 | Slime:2  | Killed an acid blob
 32334 | Slime:2  | Reached skill level 20 in Axes
 32400 | Slime:2  | Noticed an acid blob
 32409 | Slime:2  | Paralysed by a great orb of eyes for 3 turns
 32420 | Slime:2  | Killed an acid blob
 32426 | Slime:2  | HP: 6/163 [azure jelly (28)]
 32959 | Slime:2  | Gained mutation: You have large cloven feet. [a shining
                  | eye]
 32963 | Slime:2  | Gained mutation: Your spells are a little easier to cast,
                  | but a little less powerful. [a shining eye]
 32966 | Slime:2  | Noticed an acid blob
 32983 | Slime:2  | Killed an acid blob
 32994 | Slime:2  | Gained mutation: You are clumsy. (Dex -2) [a shining eye]
 32997 | Slime:2  | Gained mutation: Armour fits poorly on your strangely
                  | shaped body. [a shining eye]
 32999 | Slime:2  | Gained mutation: You are very clumsy. (Dex -4) [a shining
                  | eye]
 33206 | Slime:2  | Noticed an acid blob
 33232 | Slime:2  | Killed an acid blob
 33244 | Slime:2  | Slain by a very large slime creature

Levels and vault maps discovered:
D:1:      dpeg_arrival_ratfight, layout_loops_ring, minmay_vboxes
D:2:      cheibrodos_fertilizer, layout_loops_ring, marbit_many_paths,
          lemuel_round_altar, nicolae_tso_swordbearing_angel,
          nicolae_overflow_hidden_temple
D:3:      layout_basic, serial_bayou, serial_bayou_pond_c, serial_bayou_shore_a,
          serial_bayou_shore_b, serial_bayou_crossing, serial_bayou_pond_b,
          minmay_box_of_dots, uniq_sigmund
D:4:      layout_loops_cross, first_ration, lightli_sewer_entry_pipes,
          serial_shops, shop
D:5:      layout_basic, okawaru_altar_gauntlet_db, lemuel_doored_altar,
          kennysheep_mini_moat, serial_glass, glass_columns_c, glass_columns_a,
          grunt_dithmenos_smoke_and_mirrors
D:6:      layout_layer_cave, chequers_temple_overflow_minitemple,
          minmay_temple_entry_from_below_b, vehumet_altar_wand_db,
          uniq_crazy_yiuf_cottage
D:7:      layout_loops_ring
D:8:      layout_loops_ring, overflow_temple_1_default, lair_entry_dummy
D:9:      layout_roguey, basic_altar, grunt_livestock, dk_noncrumbling_3
D:10:     layout_cross, kennysheep_orc_monster_closet_entryway
D:11:     layout_long_grid
D:12:     minmay_weird_star, layout_rooms, enter_bailey_2,
          gammafunk_ghost_split, minivault_27
D:13:     layout_cave_pools, erik_vaults_1, uniq_frances, uniq_erolcha
D:14:     layout_irregular_city, kennysheep_two_boxes
D:15:     gammafunk_depths_entry_grave, layout_basic, enter_trove_1,
          eino_house_with_fridge, uniq_roxanne, uniq_kirke
Lair:1:   layout_roguey, uniq_fannar
Lair:2:   statuecave_lemuel, layout_chaotic_city, elwin_shoals_entry_rocks,
          bh_chokoban
Lair:3:   layout_loops_ring, uniq_nergalle
Lair:4:   layout_regular_city, spider_nest_entry_funnel_web,
          nicolae_volcano_entry_s_turn, lemuel_fruit_fields
Lair:5:   layout_loops_ring, dpeg_slime_entry_enclosed_altar
Lair:6:   due_jungle_book, layout_cave_pods, grunt_megastairs_5
Spider:1: nicolae_spider_corner, uniq_aizul
Spider:2: layout_spider_delve, guppyfry_hornet_nest
Spider:3: nicolae_spider_mines_3, uniq_arachne, uniq_agnes
Spider:4: johnstein_spider_rune_arachne_lair
Slime:1:  layout_caves
Slime:2:  layout_caves
Orc:1:    layout_caves, minmay_orc_treasury
Orc:2:    grunt_orc_gardens, layout_caves, grunt_orc_garden, grunt_orc_garden,
          grunt_orc_garden, grunt_orc_garden, mines1_david

Skill      XL: |  1  2  3  4  5  6  7  8  9 10 11 12 13 14 15 16 17 |
---------------+----------------------------------------------------+-----
Armour         | 4 5 6 7 8 9 10 11 12 13 14 15 | 15.3
Shields        | 4 5 6 7 8 10 11 12 14 15 16 | 16.9
Maces & Flails | 3 4 5 |  5.3
Fighting       | 4 5 6 7 9 10 12 14 15 16 17 18 | 18.4
Axes           | 2 5 7 10 12 14 15 16 17 18 19 20 | 20.3
Dodging        | 1 2 3 4 5 6 |  6.9
Invocations    | 1 2 3 4 |  4.0
Evocations     | 1 |  1.5
Throwing       | |  0.2
Stealth        | |  0.2

Action                   |  1- 3 |  4- 6 |  7- 9 | 10-12 | 13-15 | 16-18 || total
-------------------------+-------+-------+-------+-------+-------+-------++-------
Melee: Flail             |    89 |    46 |       |       |       |       ||   135
       Headbutt          |    16 |    11 |    61 |   189 |   249 |   110 ||   636
       Hand axe          |       |    57 |   484 |   909 |   389 |    21 ||  1860
       Broad axe         |       |       |       |       |   520 |   436 ||   956
       War axe           |       |       |       |       |   192 |   108 ||   300
Throw: Boomerang         |       |       |       |     2 |       |       ||     2
Invok: Divine Shield     |       |       |     1 |    10 |    12 |    10 ||    33
Evoke: Wand              |       |       |       |     7 |     6 |       ||    13
  Use: Scroll            |     3 |     1 |     7 |    10 |    21 |     8 ||    50
       Potion            |       |       |     3 |     8 |     7 |     6 ||    24
  Eat: Chunk             |       |     4 |    16 |    14 |    15 |     5 ||    54
       Ration            |       |       |     1 |     2 |     9 |     4 ||    16
Armor: Scale mail        |    18 |       |       |       |       |       ||    18
       Chain mail        |    12 |    36 |   158 |   121 |   259 |   138 ||   724
       Acid dragon scale |       |       |       |       |     6 |    45 ||    51
Dodge: Dodged            |    22 |    14 |    67 |   104 |   183 |   129 ||   519
Block: Shield            |    36 |    39 |   163 |   327 |   424 |   318 ||  1307
